 Dungeon Crawl Stone Soup version 0.31-a0-799-g6bc09d010c (webtiles) character file.

Game seed: 14882105139195182990

2933 Newt the Chopper (level 9, -1/102 HPs)
             Began as a Demonspawn Gladiator on Sept 19, 2023.
             Was an Initiate of Gozag.
             Slain by a hornet (7 damage)
             ... on level 8 of the Dungeon.
             The game lasted 00:06:24 (7963 turns).

Newt the Chopper (Demonspawn Gladiator)             Turns: 7963, Time: 00:06:25

Health: -1/102     AC:  7    Str: 20    XL:     9   Next: 51%
Magic:  9/9        EV: 19    Int:  9    God:    Gozag
Gold:   1054       SH:  0    Dex: 14    Spells: 8/8 levels left

rFire   . . .        r - +0 hand axe (elec)
rCold   . . .        (no shield)
rNeg    . . .        B - +0 toga "Victory" {*Victory Clar}
rPois   .            c - +0 helmet
rElec   .            i - +0 cloak
rCorr   .            (gloves unavailable)
SInv    .            g - +1 pair of boots
Will    .....        (no amulet) Stlth
                     p - +5 ring of evasion
HPRegen 0.37/turn    (no ring)
MPRegen 0.11/turn

%: clarity
@: berserking, gold aura, slowed
A: demonic touch 3
a: Renounce Religion, Potion Petition, Call Merchant, Bribe Branch


You were on level 8 of the Dungeon.
You worshipped Gozag.
Gozag was most pleased with you.
You visited 1 branch of the dungeon, and saw 8 of its levels.

You collected 1269 gold pieces.
You spent 215 gold pieces at shops.

Inventory:

Hand Weapons
 a - a +0 rapier
 r - a +0 hand axe of electrocution (weapon)
Missiles
 d - 3 throwing nets (quivered)
 e - a javelin
 H - 9 poisoned darts
Armour
 b - a +0 leather armour
 c - a +0 helmet (worn)
 g - a +1 pair of boots (worn)
 i - a +0 cloak (worn)
 u - a +2 chain mail of cold resistance
 B - the +0 toga "Victory" (worn) {*Victory Clar}
   (You found it on level 7 of the Dungeon)

   *Victory:  When the wearer kills a threatening monster, it has a chance to
   gain +1 AC, +1 Slay, and +1 Int, capping at +7.
   When the wearer uses a scroll or a potion with a hostile monster in sight,
   its bonuses reset to +0.
   Unequipping it also resets its bonuses to +0.
   Clar:      It protects you from confusion, rage, mesmerisation and fear.
Jewellery
 p - a +5 ring of evasion (left hand)
 x - the ring "Enketega" {*Slow rN+++ Str-4 Int+3 SInv}
   (You found it on level 4 of the Dungeon)

   [ring of see invisible]

   Str-4:     It affects your strength (-4).
   Int+3:     It affects your intelligence (+3).
   rN+++:     It renders you almost immune to negative energy.
   SInv:      It lets you see invisible.
   *Slow:     It may slow you when you take damage.
Wands
 j - a wand of polymorph (10)
 E - a wand of quicksilver (3)
 F - a wand of paralysis (7)
 G - a wand of mindburst (16)
 J - a wand of flame (24)
Scrolls
 f - 2 scrolls of revelation
 h - a scroll of fog
 m - 2 scrolls of teleportation
 o - 3 scrolls of poison
 s - 2 scrolls of enchant armour
 t - a scroll of immolation
 y - a scroll of vulnerability
Potions
 k - 2 potions of brilliance
 l - 5 potions of curing
 n - a potion of enlightenment
 v - 4 potions of attraction
 w - a potion of magic
 z - a potion of mutation {unknown}
 C - 2 potions of lignification {unknown}
 D - 2 potions of degeneration {unknown}
 K - a potion of resistance {unknown}


   Skills:
 - Level 5.0 Fighting
 - Level 4.0 Short Blades
 + Level 7.2 Axes
 - Level 1.7 Throwing
 - Level 5.0 Armour
 - Level 5.0 Dodging
 - Level 5.0 Evocations


You had 8 spell levels left.
You didn't know any spells.
Your spell library contained the following spells:

 Spells                   Type           Power      Damage    Failure   Level
 Ensorcelled Hibernation  Hex/Ice        0%         N/A       52%         2
 Jinxbite                 Hex            0%         N/A       52%         2
 Ozocubu's Armour         Ice            0%         N/A       77%         3
 Anguish                  Hex/Necr       0%         N/A       99%         4
 Ozocubu's Refrigeration  Ice            0%         4d7       100%        7


Dungeon Overview and Level Annotations

Branches:
Dungeon (8/15)             Temple (0/1) D:7
   Lair: D:8-11

Altars:
Ashenzari
Gozag
Hepliaklqana
Okawaru
Sif Muna

Shops:
D:4 [


Innate Abilities, Weirdness & Mutations

Your touch may irresistibly damage your foes and sap their willpower.


Message History

A red film seems to cover your vision as you go berserk!
You feel yourself moving faster!
You feel mighty! The hornet misses you. The hornet closely misses you.
Unknown command.
You barely miss the hornet. Your touch misses the hornet.
The hornet is moderately wounded.
The hornet closely misses you.
You closely miss the hornet.
The hornet is moderately wounded.
The hornet stings you.
* * * LOW HITPOINT WARNING * * *
You feel yourself slow down.
You barely miss the hornet.
The hornet is moderately wounded.
The hornet stings you but does no damage.
You slash the hornet!
The hornet is heavily wounded.
You hit the steam dragon but do no damage.
Lightning courses through the steam dragon!
You kill the steam dragon!
The hornet stings you!
* * * LOW HITPOINT WARNING * * *
You feel as though you will be slow longer.
The hornet stings you!
* * * LOW HITPOINT WARNING * * *
You feel as though you will be slow longer.
Your life force feels restored.
Your Axes skill increases to level 7!
Unknown command.
You completely miss the hornet.
The hornet is heavily wounded.
The hornet barely misses you.
Unknown command.
Unknown command.
You hit the hornet but do no damage.
You touch the hornet!
You sap its willpower!
The hornet is almost dead.
The hornet stings you!
You die...
Your body crumbles into a pile of gold. #.#.# z.Oy#

..### .# ## #### ##
z #. .# #.. .. .##.
.#.#####.# .#.##
##..
#.....##)##.....#
#.. #..g....y@...#
##..###..g..##$###.#
#....D§.$## #...
#.###§§##.# #####
##§##.# #§§..#######
#.#..#.....#
##..#..#...<.#
..............#


You could see a hornet (weak-willed), a gnoll bouda and a gnoll.

Vanquished Creatures
  Pikel (D:5)
  A wyvern (D:7)
  A steam dragon (D:8)
  A water moccasin (D:7)
  2 ice beasts
  2 ogres (D:5)
  A centaur (D:7)
  A lemure (D:5)
  2 phantoms
  A kobold brigand (D:6)
  2 bullfrogs (D:6)
  2 scorpions (D:5)
  11 wights
  A killer bee (D:7)
  5 orc priests
  A hound (D:4)
  A jelly (D:7)
  3 iguanas
  4 orc wizards
  9 adders
  3 gnolls
  A shadow imp (D:5)
  A white imp (D:7)
  An ufetubus (D:5)
  A dart slug (D:5)
  17 orcs
  11 endoplasms
  5 giant cockroaches
  6 hobgoblins
  4 jackals (D:1)
  13 kobolds
  4 quokkas
  5 ball pythons
  7 bats
  2 frilled lizards (D:2)
  6 rats
  A spectral hobgoblin (D:3)
140 creatures vanquished.

Notes
Turn   | Place    | Note
-------+----------+-------------------------------------------
     0 | D:1      | Newt the Demonspawn Gladiator began the quest for the Orb.
     0 | D:1      | Reached XP level 1. HP: 16/16 MP: 1/1
    53 | D:1      | Gained mutation: Your touch may inflict minor irresistible
                  | damage on your foes. [demonic ancestry]
    53 | D:1      | Reached XP level 2. HP: 22/23 MP: 2/2
   415 | D:1      | Reached XP level 3. HP: 29/29 MP: 3/3
   431 | D:1      | Found a faded altar of an unknown god.
   764 | D:1      | Prayed at the altar of an unknown god.
   764 | D:1      | Became a worshipper of Gozag Ym Sagoz the Greedy
  1500 | D:2      | Reached XP level 4. HP: 34/38 MP: 4/4
  1603 | D:3      | Found a broken altar of Ashenzari.
  2211 | D:3      | Found a hazy altar of Hepliaklqana.
  2546 | D:4      | Reached skill level 5 in Fighting
  2638 | D:4      | Reached XP level 5. HP: 44/44 MP: 5/5
  3018 | D:4      | Found Wexa's Armour Emporium.
  3365 | D:4      | Bought a +2 chain mail of cold resistance for 215 gold
                  | pieces
  3461 | D:4      | Found an iron altar of Okawaru.
  3465 | D:4      | Gained mutation: Your touch may inflict irresistible damage
                  | on your foes. [demonic ancestry]
  3465 | D:4      | Reached XP level 6. HP: 51/51 MP: 6/6
  3467 | D:4      | Found an opulent altar of Gozag.
  3488 | D:4      | Identified the ring "Enketega" {*Slow rN+++ Str-4 Int+3
                  | SInv}
  3639 | D:5      | Entered Level 5 of the Dungeon
  3927 | D:5      | Found a shimmering blue altar of Sif Muna.
  3989 | D:5      | Noticed Pikel
  4004 | D:5      | Killed Pikel
  4005 | D:5      | Reached skill level 5 in Dodging
  4005 | D:5      | Reached skill level 4 in Axes
  4005 | D:5      | Reached XP level 7. HP: 37/56 MP: 7/7
  4292 | D:5      | Reached skill level 5 in Axes
  4292 | D:5      | Gained mutation: Your touch may irresistibly damage your
                  | foes and sap their willpower. [demonic ancestry]
  4292 | D:5      | Reached XP level 8. HP: 32/62 MP: 8/8
  4296 | D:5      | Reached skill level 1 in Evocations
  5354 | D:5      | Reached skill level 5 in Evocations
  5517 | D:6      | Reached skill level 1 in Armour
  6203 | D:6      | Reached XP level 9. HP: 68/68 MP: 9/9
  6889 | D:7      | Reached skill level 5 in Armour
  6951 | D:7      | Found a staircase to the Ecumenical Temple.
  6991 | D:7      | Found the +0 toga "Victory" {*Victory Clar}
  7000 | D:7      | Reached skill level 6 in Axes
  7444 | D:8      | Noticed a two-headed ogre
  7951 | D:8      | HP: 2/65 [hornet (11)]
  7962 | D:8      | Reached skill level 7 in Axes
  7963 | D:8      | Slain by a hornet

Illustrated notes

Levels and vault maps discovered:
D:1:      ldierk_walled_garden_2, layout_loops_ring,
          shapermc_ecumenical_altar_flowoftime,
          hangedman_abyss_or_decor_lesser_grid
D:2:      layout_loops_ring, st_stairs_5, nicolae_elevator_lobby_asterisk
D:3:      layout_basic, mainiacjoe_overflow_catwalk,
          nicolae_hepliaklqana_monster_ancestors
D:4:      layout_cave_pools, zin_scriptorium, jmf_multi_god_temple,
          serial_shops, shop
D:5:      layout_loops_corners, mainiacjoe_overflow_cross_hatched,
          chequers_serial_rivers_large_b, uniq_pikel
D:6:      nicolae_cairo_tiling_large_dashed, layout_layer_cave,
          grunt_ministairs_7
D:7:      layout_basic, overflow_temple_1_default, minmay_temple_entry_waves,
          serial_glass, glass_columns_a, glass_columns_b,
          minmay_strange_pillars, feat_on_display, minmay_strange_pillars
D:8:      layout_loops_cross, dpeg_oklobed_lair, special_room [special_room_orc]

Skill      XL: |  1  2  3  4  5  6  7  8  9 |
---------------+----------------------------+-----
Fighting       | 3 4 5 |  5.0
Short Blades   | 3 4 |  4.0
Dodging        | 3 5 |  5.0
Axes           | 4 5 7 |  7.2
Evocations     | 5 |  5.0
Armour         | 4 5 |  5.0
Throwing       | |  1.7

Action                     |  1- 3 |  4- 6 |  7- 9 || total
---------------------------+-------+-------+-------++-------
  Melee: Rapier            |    87 |    81 |       ||   168
         Touch             |    11 |    21 |    29 ||    61
         Punch             |     1 |     2 |     2 ||     5
         Hand axe          |       |    36 |   180 ||   216
  Throw: Throwing net      |       |     4 |       ||     4
         Javelin           |       |     1 |       ||     1
    Use: Scroll            |     4 |     8 |     4 ||    16
         Potion            |       |     3 |     3 ||     6
   Stab: Sleeping          |     2 |       |     1 ||     3
         Held in net/web   |       |     1 |       ||     1
 Armour: Leather armour    |    36 |    31 |       ||    67
         Chain mail        |       |    16 |    88 ||   104
         Robe              |       |       |    31 ||    31
  Dodge: Dodged            |    54 |    73 |   128 ||   255

Table legend: (Time is in decaauts)
 A = Elapsed time spent in this place.
 B = Non-inter-level travel time spent in this place.
 C = Inter-level travel time spent in this place.
 D = Time resting spent in this place.
 E = Time spent auto-exploring this place.
 F = Levels seen in this place.
 G = Mean time per level.
                   A        B        C        D        E       F      G
               +--------+--------+--------+--------+--------+-----+--------+
         Total |   8029 |   7774 |    255 |   1974 |   4837 |   8 | 1003.6 |
       Dungeon |   8029 |   7774 |    255 |   1974 |   4837 |   8 | 1003.6 |
               +--------+--------+--------+--------+--------+-----+--------+

Top non-repeatable levels by time:
     D:5: 1907 daAuts
     D:6: 1365 daAuts
     D:4: 1235 daAuts
     D:7: 1058 daAuts
     D:3: 863 daAuts
     D:1: 815 daAuts
     D:2: 746 daAuts
     D:8: 38 daAuts
